Map: Incorporeal LE

Players

LOTUR - Winner!

  • Race: Protoss Protoss
  • League: Diamond
  • Spawn Location: 5:00

ManlyManMeat

  • Race: Zerg Zerg
  • League: Diamond
  • Spawn Location: 11:00

VOD

Have the link to the VOD?

Description

Time

  • Played on: July 4, 2025, 2:50 p.m.
  • Length: 8:20
Show
View Real Time Build Order
Export as new Build Order

LOTUR Protoss - Winner!

Build Orders:  

Get SALT Encoding   

  12  0:10  Probe  
  12  0:11  Pylon  
  13  0:18  Probe  
  13  0:27  Probe  
  14  0:34  Gateway  
  15  0:40  Assimilator  
  15  0:46  Probe  
  16  0:58  Probe  
  16  1:01  Gateway  
  17  1:11  Probe  
  18  1:21  Cybernetics Core  
  18  1:23  Probe  
  18  1:25  Pylon  
  19  1:30  Assimilator  
  19  1:35  Probe  
  20  1:47  Probe, Stalker  
  20  1:49  Stalker  
  21  2:00  Probe  
  26  2:12  Probe, Stalker  
  26  2:13  Stalker  
  31  2:24  Warp Gate  
  31  2:45  Nexus  
  31  2:51  Pylon  
  31  3:12  Stargate  
  31  3:13  Probe  
  32  3:25  Probe  
  33  3:38  Shield Battery  
  33  3:39  Gateway  
  33  3:42  Pylon  
  33  3:43  Shield Battery  
  33  4:01  Gateway  
  33  4:03  Gateway  
  33  4:15  Probe  
  33  4:16  Fleet Beacon  
  34  4:18  Probe  
  35  4:28  Probe, Assimilator  
  35  4:30  Probe  
  37  4:40  Probe  
  37  4:42  Probe  
  39  4:52  Probe  
  40  4:54  Probe  
  40  4:59  Mothership  
  41  5:07  Probe  
  50  5:20  Stalker x2, Assimilator  
  50  5:21  Stalker  
  56  5:29  Probe  
  57  5:37  Tempest  
  57  5:42  Pylon, Probe  
  62  5:52  Forge  
  62  5:58  Pylon  
  62  6:00  Probe  
  63  6:06  Pylon  
  63  6:08  Pylon  
  63  6:12  Probe, Tempest  
  63  6:14  Probe  
  65  6:22  Probe  
  65  6:24  Probe  
  70  6:30  Photon Cannon  
  71  6:36  Probe  
  71  6:37  Photon Cannon  
  72  6:44  Photon Cannon  
  72  6:48  Photon Cannon  
  72  6:56  Photon Cannon  
  72  6:57  Shield Battery  
  72  7:01  Stalker  
  72  7:05  Stalker  
  76  7:09  Stalker  
  76  7:14  Stalker  
  80  7:50  Stalker x3  
  80  7:51  Stalker x2  
Show
View Real Time Build Order
Export as new Build Order

ManlyManMeat Zerg 

Build Orders: Hatch First 

Get SALT Encoding   

  12  0:00  Drone  
  13  0:08  Drone  
  14  0:15  Extractor  
  14  0:16  Drone  
  15  0:34  Overlord  
  15  0:43  Hatchery  
  15  0:46  Extractor  
  15  0:49  Drone  
  14  0:53  Drone  
  16  0:57  Drone  
  17  1:08  Extractor  
  17  1:09  Drone  
  17  1:17  Spawning Pool  
  16  1:20  Drone  
  17  1:28  Drone  
  18  1:41  Drone  
  19  1:57  Drone x2  
  21  2:03  Queen  
  21  2:04  Queen  
  21  2:05  Zergling x2  
  26  2:12  Metabolic Boost  
  26  2:18  Overlord  
  26  2:25  Drone x2  
  26  2:26  Overlord  
  28  2:45  Zergling x4  
  28  2:46  Zergling x4  
  32  2:55  Zergling x2  
  32  2:56  Zergling x2  
  34  3:03  Zergling x2  
  35  3:09  Zergling x2  
  36  3:13  Spine Crawler  
  36  3:15  Zergling x2, Spine Crawler  
  34  3:33  Spine Crawler  
  32  3:35  Queen  
  32  3:37  Overlord, Spine Crawler  
  33  3:46  Drone x2  
  35  4:00  Drone x2  
  35  4:01  Drone x2  
  39  4:10  Zergling x2, Evolution Chamber  
  39  4:11  Zergling x4  
  39  4:15  Drone  
  39  4:16  Drone  
  39  4:17  Overlord x2  
  43  4:26  Drone  
  44  4:42  Hatchery  
  44  4:45  Drone x4  
  47  4:46  Drone  
  46  5:01  Drone x2  
  46  5:03  Drone x2  
  49  5:13  Queen  
  51  5:15  Lair  
  51  5:17  Zerg Ground Armor Level 1  
  51  5:30  Spore Crawler  
  51  5:32  Spore Crawler  
  51  5:34  Drone x6  
  51  5:35  Overlord  
  55  5:55  Drone  
  55  5:56  Drone x8  
  64  6:20  Drone x2, Overlord x2  
  64  6:24  Hydralisk Den  
  65  6:26  Evolution Chamber  
  64  6:33  Drone x3  
  64  6:34  Drone x4  
  64  6:37  Overlord x3  
  70  6:52  Overlord x3  
  69  7:13  Hydralisk x3  
  75  7:17  Extractor  
  75  7:18  Extractor  
  75  7:20  Extractor  
  75  7:21  Extractor  
  75  7:22  Drone x3  
  74  7:23  Drone x3, Extractor  
  76  7:34  Zergling x20  
  83  7:43  Zergling x12  
  83  7:51  Hydralisk x2  
Tags
 
Add a new tag
Caveats
  • Supply blocks, unpowered buildings, or Contaminate may cause inaccurate times.
  • Supply counts are checked every 10 seconds.